 Dungeon Crawl Stone Soup version 0.21-a0-442-g848f44b (webtiles) character file.

461 slep the Slasher (level 7, -1/48 HPs)
             Began as a Barachi Gladiator on Nov 15, 2017.
             Slain by an orc
             ... wielding a +0 falchion of electrocution
              (9 damage)
             ... on level 4 of the Dungeon.
             The game lasted 00:12:37 (2303 turns).

slep the Slasher (Barachi Gladiator)                Turns: 2303, Time: 00:12:38

Health: -1/48      AC: 10    Str: 16    XL:     7   Next: 7%
Magic:  7/7        EV:  8    Int:  8    God:
Gold:   177        SH:  0    Dex: 15    Spells: 6/6 levels left

rFire    . . .     SeeInvis .   m - +3 halberd
rCold    . . .     Gourm    .   (shield currently unavailable)
rNeg     . . .     Faith    .   e - +0 chain mail (curse)
rPois    .         Spirit   .   c - +0 helmet
rElec    .         Reflect  .   (no cloak)
rCorr    .         Harm     .   (no gloves)
MR       .....                  (no boots)
Stlth    ..........             (no amulet)
HPRegen  0.16/turn              p - ring of wizardry
MPRegen  0.10/turn              (no ring)

@: slow
A: +LOS, swims, talons 1, blurry vision 1, frail 1, slowness 1, evolution 1, no
potion heal 2, strong legs 1
a: Hop


You were on level 4 of the Dungeon.
You were very hungry.

You visited 1 branch of the dungeon, and saw 5 of its levels.

You collected 177 gold pieces.

Inventory:

Hand Weapons
 a - a +0 long sword
 m - a +3 halberd (weapon)
Missiles
 d - 3 throwing nets (quivered)
 v - 5 tomahawks
Armour
 b - a +0 leather armour
 c - a +0 helmet (worn)
 e - a cursed +0 chain mail (worn)
Jewellery
 p - a ring of wizardry (left hand)
Scrolls
 h - a scroll of enchant armour {unknown}
 i - 5 scrolls of identify {unknown}
 k - a scroll of immolation {unknown}
 n - a scroll of teleportation {unknown}
 o - a scroll of magic mapping {unknown}
 q - a scroll of remove curse {unknown}
 u - a scroll of random uselessness {unknown}
Potions
 j - 2 potions of curing
 l - a potion of flight
 r - a potion of haste {unknown}
Comestibles
 f - a bread ration
 g - a meat ration
 t - a royal jelly


   Skills:
 + Level 4.0 Fighting
 + Level 7.0 Long Blades
 + Level 1.2 Polearms
 + Level 2.1 Throwing
 + Level 3.5 Armour
 + Level 4.0 Dodging


You had 6 spell levels left.
You didn't know any spells.

Dungeon Overview and Level Annotations

Branches:
Dungeon (5/15)
 Temple: D:4-7

Altars:

Annotations:
D:4 Eustachio


Innate Abilities, Weirdness & Mutations

Shadows flee at your approach. (+LOS)
You can swim through water.
You cover ground slowly.
You can hop short distances.
You have sharp toenails.
Scrolls take you a little longer to read.
You are frail. (-10% HP)
You evolve.
Potions are poor at restoring your health.


Message History

The puff of flame hits you!
You puncture something!
Reactivating autopickup.
You feel a bit more experienced.
Eustachio mumbles some strange words.
Eustachio blinks!
You closely miss the quokka.
You hear the slow hiss of a distant avalanche of sand.
The quokka bites you but does no damage. x2
An orc comes into view. It is wielding a flail.
You puncture the quokka!
You kill the quokka!
You barely miss the orc. Your kick misses the orc.
The orc hits you but does no damage.
You barely miss the orc. Your kick misses the orc.
The orc hits you with a mace.
* * * LOW HITPOINT WARNING * * *
The orc closely misses you. The orc hits you but does no damage.
You are electrocuted!
You die...

...# ...# ##.# # # ##.#
######### ...# #.......#
#### ####.......# #
#..........#
########........@o#
.......'.........o)o@.$...
########..........#####..#
. #...######## # #...#
#...# #...# #####


You could see Eustachio and 3 orcs.

Vanquished Creatures
  2 sky beasts (D:5)
  2 orc wizards
  Jessica (D:3)
  A worker ant (D:4)
  5 adders
  4 gnolls
  An ooze (D:3)
  3 worms
  3 dart slugs
  5 leopard geckos
  4 orcs (D:3)
  A ball python (D:3)
  3 giant cockroaches
  8 goblins
  5 hobgoblins
  6 jackals
  3 kobolds
  4 quokkas
  A bat (D:2)
  3 frilled lizards
  11 rats
76 creatures vanquished.

Notes
Turn   | Place    | Note
-------+----------+-------------------------------------------
     0 | D:1      | slep the Barachi Gladiator began the quest for the Orb.
     0 | D:1      | Reached XP level 1. HP: 17/17 MP: 1/1
   194 | D:1      | Reached XP level 2. HP: 22/23 MP: 2/2
   195 | D:1      | Reached skill level 4 in Long Blades
   723 | D:2      | Reached XP level 3. HP: 18/28 MP: 3/3
  1285 | D:2      | Reached skill level 1 in Armour
  1382 | D:2      | Reached XP level 4. HP: 34/34 MP: 4/4
  1385 | D:2      | Reached skill level 5 in Long Blades
  1635 | D:3      | Reached XP level 5. HP: 10/41 MP: 5/5
  1747 | D:3      | Noticed Jessica
  1765 | D:3      | Killed Jessica
  1840 | D:3      | Reached skill level 6 in Long Blades
  1886 | D:3      | Reached skill level 1 in Polearms
  1892 | D:3      | Reached XP level 6. HP: 22/48 MP: 6/6
  2087 | D:3      | You fall through a shaft for 2 floors!
  2087 | D:5      | Entered Level 5 of the Dungeon
  2120 | D:5      | Noticed a sky beast
  2140 | D:5      | Killed a sky beast
  2144 | D:5      | Gained mutation: Potions are less effective at restoring your health. [mutagenic meat]
  2145 | D:5      | Gained mutation: You have sharp toenails. [mutagenic meat]
  2146 | D:5      | Gained mutation: Potions are poor at restoring your health. [mutagenic meat]
  2147 | D:5      | Gained mutation: You evolve. [mutagenic meat]
  2148 | D:5      | Gained mutation: Scrolls take you a little longer to read. [mutagenic meat]
  2149 | D:5      | Gained mutation: You are frail. (-10% HP) [mutagenic meat]
  2187 | D:5      | Noticed a sky beast
  2207 | D:5      | Killed a sky beast
  2207 | D:5      | Reached skill level 7 in Long Blades
  2294 | D:4      | Reached XP level 7. HP: 15/48 MP: 7/7
  2296 | D:4      | Noticed Eustachio
  2303 | D:4      | Slain by an orc

Vault maps used:
D:1:      wheals_arrival_linesprint
D:3:      uniq_jessica
D:4:      minmay_temple_entry_trees, lightli_ossuary_entry_decrepit_ruins,
          uniq_eustachio
D:5:      first_bread

Skill      XL: |  1  2  3  4  5  6 |
---------------+-------------------+-----
Long Blades    | 4 5 6 7 |  7.0
Armour         | 1 2 3 |  3.5
Fighting       | 3 4 |  4.0
Polearms       | 1 |  1.2
Dodging        | 4 |  4.0
Throwing       | |  2.1

Action                   |  1- 3 |  4- 6 |  7- 9 || total
-------------------------+-------+-------+-------++-------
Melee: Long sword        |   102 |   131 |       ||   233
       Halberd           |       |    42 |     8 ||    50
       Kick              |       |    13 |       ||    13
  Use: Potion            |       |     5 |       ||     5
 Stab: Sleeping          |     1 |       |       ||     1
  Eat: Chunk             |     2 |     9 |       ||    11
Armor: Chain mail        |    46 |   103 |     7 ||   156
       Leather armour    |     1 |       |       ||     1
Dodge: Dodged            |    52 |    77 |     2 ||   131
       Rpst.: Long sword |    20 |    15 |       ||    35

Table legend:
 A = Spawn XP
 B = Non-spawn XP
 C = Spawn XP percentage of total XP
 D = Spawn monster count
 E = Non-spawn monster count
 F = Spawn count percentage of total count
 G = Total turns spent on level
                    A         B        C        D         E        F      G
               +---------+---------+-------+---------+---------+-------+---------
         Total |       0 |     659 |   0.0 |       0 |      76 |   0.0 |  2303
               +---------+---------+-------+---------+---------+-------+---------
           D:1 |       0 |      25 |   0.0 |       0 |      15 |   0.0 |   707
           D:2 |       0 |     102 |   0.0 |       0 |      23 |   0.0 |   876
           D:3 |       0 |     200 |   0.0 |       0 |      29 |   0.0 |   504
           D:4 |       0 |      84 |   0.0 |       0 |       7 |   0.0 |    90
           D:5 |       0 |     248 |   0.0 |       0 |       2 |   0.0 |   126
               +---------+---------+-------+---------+---------+-------+---------
